 Dungeon Crawl Stone Soup version 0.32-a0-699-g1ee5eff69a (webtiles) character file.

Game seed: 15792125214629250644

8775 warriortoast the Destroyer (level 11, -2/48 HPs)
             Began as a Gargoyle Earth Elementalist on Mar 13, 2024.
             Was a Follower of Hepliaklqana.
             Slain by a catoblepas (14 damage)
             ... on level 9 of the Dungeon.
             The game lasted 00:38:11 (11409 turns).

warriortoast the Destroyer (GrEE)                  Turns: 11409, Time: 00:38:12

Health: -2/48      AC: 15    Str: 13    XL:     11   Next: 36%
Magic:  13/23      EV: 11    Int: 19    God:    Hepliaklqana [*.....]
Gold:   248        SH:  0    Dex: 10    Spells: 7/27 levels left

rFire   . . .        D - +2 whip (elec)
rCold   . . .        (no shield)
rNeg    + . .        E - +2 robe
rPois   ∞            g - +0 helmet
rElec   +            (no cloak)
rCorr   .            u - +0 pair of gloves
SInv    .            k - +0 pair of boots
Will    .....        (no amulet)
Stlth   +++          (no ring)
HPRegen 0.28/turn    (no ring)
MPRegen 0.18/turn

%: no passive effects
@: about to teleport
A: reduced essence, sickness immunity, AC +8, negative energy resistance 1,
electricity resistance, torment resistance 1, petrification resistance
a: Renounce Religion, Recall Ancestor, Ancestor Identity


You were on level 9 of the Dungeon.
You worshipped Hepliaklqana.
Hepliaklqana was aware of your devotion.
You visited 2 branches of the dungeon, and saw 10 of its levels.

You collected 593 gold pieces.
You spent 345 gold pieces at shops.

Inventory:

Hand Weapons
 e - a +2 short sword of draining
 r - the +5 falchion of Breathing Evisceration {speed, rPois rF+ Dex+3 Stlth-}
   (You found it on level 4 of the Dungeon)

   Dex+3:     It affects your dexterity (+3).
   rF+:       It protects you from fire.
   rPois:     It protects you from poison.
   Stlth-:    It makes you less stealthy.
 D - a +2 whip of electrocution (weapon)
Armour
 g - a +0 helmet (worn)
 k - a +0 pair of boots (worn)
 t - a +0 robe of positive energy
 u - a +0 pair of gloves (worn)
 y - a +3 scale mail of cold resistance
 E - a +2 robe (worn)
Jewellery
 h - a ring of resist corrosion
 G - a +4 ring of protection
Wands
 q - a wand of mindburst (48)
Scrolls
 a - a scroll of brand weapon {unknown}
 c - a scroll of enchant weapon {unknown}
 d - 2 scrolls of identify
 j - 2 scrolls of amnesia
 l - 2 scrolls of noise
 m - a scroll of poison {unknown}
 s - 2 scrolls of enchant armour {unknown}
 v - a scroll of revelation
 w - 2 scrolls of vulnerability {unknown}
 H - a scroll of fog {unknown}
Potions
 b - a potion of magic
 f - 3 potions of mutation
 i - 3 potions of heal wounds
 p - 2 potions of resistance
 x - 4 potions of curing
 z - a potion of degeneration
 A - a potion of lignification
 B - 2 potions of haste
 C - 2 potions of brilliance
 F - a potion of ambrosia {unknown}
Miscellaneous
 o - a lightning rod (4/4)


   Skills:
 - Level 1.5 Dodging
 - Level 6.0 Stealth
 + Level 8.8 Spellcasting
 + Level 10.1 Conjurations
 + Level 2.8 Air Magic
 - Level 10.0 Earth Magic
 + Level 4.5 Invocations
 + Level 3.7 Evocations


You had 7 spell levels left.
You knew the following spells:

 Your Spells              Type           Power      Damage    Failure   Level
a - Sandblast             Erth           92%        2d19      1%          1
b - Magic Dart            Conj           100%       1d8       1%          1
c - Stone Arrow           Conj/Erth      92%        3d12      1%          3
d - Brom's Barrelling Bo  Conj/Erth      46%        2d6       1%          4
e - Petrify               Alch/Erth      27%        N/A       11%         4
f - Swiftness             Air            19%        N/A       8%          3
g - Fulminant Prism       Conj/Alch      13%        3d8       11%         4

Your spell library contained the following spells:

 Spells                   Type           Power      Damage    Failure   Level
 Momentum Strike          Conj/Tloc      54%        3d9       1%          2
 Searing Ray              Conj           92%        2d7       1%          2
 Passwall                 Erth           46%        N/A       1%          3
 Necrotise                Necr           32%        1d5       9%          1
 Blink                    Tloc           16%        N/A       13%         2
 Ensorcelled Hibernation  Hex/Ice        16%        N/A       13%         2
 Lesser Beckoning         Tloc           16%        N/A       13%         2
 Call Canine Familiar     Summ           8%         N/A       26%         3
 Sigil of Binding         Hex            8%         N/A       26%         3
 Vampiric Draining        Necr           8%         2d6       26%         3
 Dimensional Bullseye     Hex/Tloc       4%         N/A       63%         4
 Martyr's Knell           Necr/Summ      8%         N/A       63%         4
 Passage of Golubria      Tloc           8%         N/A       63%         4
 Silence                  Hex/Air        6%         N/A       78%         5
 Curse of Agony           Necr           8%         N/A       93%         5
 Sculpt Simulacrum        Ice/Alch       4%         N/A       100%        6
 Ozocubu's Refrigeration  Ice            4%         4d8       100%        7
 Lehudib's Crystal Spear  Conj/Erth      23%        10d6      100%        8
 Polar Vortex             Ice            4%         N/A       100%        9


Dungeon Overview and Level Annotations

Branches:
Dungeon (9/15)             Temple (1/1) D:7
   Lair: D:8-11         Orc: D:9-12

Altars:
Ashenzari
Cheibriados
Dithmenos
Elyvilon
Fedhas
Gozag
Hepliaklqana
Kikubaaqudgha
Makhleb
Nemelex Xobeh
Okawaru
Qazlal
Ru
Sif Muna
Trog
Uskayaw
Vehumet
Wu Jian
Xom
Yredelemnul
Zin
The Shining One

Shops:
D:5 ?   D:6 !


Innate Abilities, Weirdness & Mutations

Your life essence is reduced to manifest your ancestor. (-10% HP)
You are immune to sickness and miasma.
Your stone body is resilient. (AC +8)
You are immune to poison.
You resist negative energy. (rN+)
You are resistant to electric shocks. (rElec)
You are resistant to unholy torment.
You are immune to petrification.


Message History

Confirm with . or Enter, or press ? or * to list all spells.
Aiming: Stone Arrow (safe; 1% risk of failure)
Press: ? - help, Shift-Dir - straight line, f/p - catoblepas
Aim: a catoblepas (lightly wounded, 100% to hit)
The stone arrow hits the catoblepas!
The catoblepas is lightly wounded.
The catoblepas breathes a plume of calcifying dust at you.
The blast of calcifying dust hits you but does no damage.
Casting: Stone Arrow (safe; 1% risk of failure)
Confirm with . or Enter, or press ? or * to list all spells.
Aiming: Stone Arrow (safe; 1% risk of failure)
Press: ? - help, Shift-Dir - straight line, f/p - catoblepas
Aim: a catoblepas (calcifying dust, lightly wounded, 100% to hit)
The stone arrow hits the catoblepas!
The catoblepas is moderately wounded.
Casting: Stone Arrow (safe; 1% risk of failure)
Confirm with . or Enter, or press ? or * to list all spells.
Aiming: Stone Arrow (safe; 1% risk of failure)
Press: ? - help, Shift-Dir - straight line, f/p - catoblepas
Aim: a catoblepas (moderately wounded, 100% to hit)
The stone arrow hits the catoblepas!
The catoblepas is heavily wounded.
The catoblepas breathes a plume of calcifying dust at you.
The blast of calcifying dust hits you!
The catoblepas breathes a plume of calcifying dust at you.
The blast of calcifying dust hits you but does no damage.
Casting: Stone Arrow (safe; 1% risk of failure)
Confirm with . or Enter, or press ? or * to list all spells.
You don't know that spell.
The catoblepas gores you!!
Ouch! That really hurt!
* * * LOW HITPOINT WARNING * * *
As you read the scroll of teleportation, it crumbles to dust.
You feel strangely unstable.
The catoblepas breathes a plume of calcifying dust at you.
The blast of calcifying dust hits you but does no damage.
The catoblepas attacks as it pursues you!
The catoblepas gores you!
You die...
Hepliaklqana delivers you to your ancestors.

.'...[...###.........##..#####..#
##.....†.# ###........#..#####..#
#.......# #........#..##.....#
######'## #######..#..##.##..#
#.# ###...##..##.##..# #.##
#.....#..#.....#.. #..#
####§##..#........... ########'##
#....§..##...#####...
#.........###.§§@Y..#.####...####
#.........'.#.......###..Y......#
'.).......#.)÷...................
#.........###.......######.......
###'####### #..>..÷.# #.......
#.## ######'## #####'## #..# #.#
#..# ##.# #.# ##.# #.# #.#### #..


You could see a catoblepas.

Vanquished Creatures
  Erolcha (D:9)
  A centaur warrior (D:9)
  Pikel (D:7)
  An ugly thing (D:9)
  A troll (D:6)
  3 hornets (D:9)
  Sigmund (D:2)
  A shadow (D:9)
  A wyvern (D:9)
  5 yaks (D:8)
  A basilisk (D:9)
  A steam dragon (D:7)
  A water moccasin (D:6)
  Duvessa (D:6)
  An orc warrior (D:9)
  A black bear (D:8)
  An ice beast (D:6)
  An ogre (D:7)
  4 centaurs
  4 lemures
  4 kobold brigands
  3 bullfrogs
  5 scorpions (D:6)
  5 wights (D:9)
  Dowan (D:6)
  16 killer bees (D:9)
  An electric eel (D:7)
  4 howler monkeys
  3 bombardier beetles
  2 jellies
  3 hounds
  4 orc priests
  Jessica (D:2)
  2 iguanas
  8 orc wizards
  6 gnolls
  10 adders
  A shadow imp (D:8)
  3 white imps
  3 dart slugs
  A ribbon worm (D:3)
  34 orcs
  4 endoplasms
  3 giant cockroaches
  12 goblins
  4 hobgoblins
  4 jackals
  4 quokkas
  3 ball pythons
  8 bats
  2 frilled lizards (D:3)
  24 kobolds
  4 rats (D:1)
224 creatures vanquished.

Vanquished Creatures (collateral kills)
  A two-headed ogre (D:9)
  A killer bee (D:9)
  An orc wizard (D:9)
  4 orcs (D:9)
7 creatures vanquished.

Vanquished Creatures (others)
  7 ancestors (D:9)
7 creatures vanquished.

Grand Total: 238 creatures vanquished

Notes
Turn   | Place    | Note
-------+----------+-------------------------------------------
     0 | D:1      | warriortoast the Gargoyle Earth Elementalist began the
                  | quest for the Orb.
     0 | D:1      | Reached XP level 1. HP: 10/10 MP: 3/3
   150 | D:1      | Reached XP level 2. HP: 15/15 MP: 1/5
   916 | D:2      | Found a hide-covered altar of Uskayaw.
   943 | D:2      | Reached XP level 3. HP: 15/19 MP: 3/6
  1155 | D:2      | Noticed Jessica
  1185 | D:2      | Killed Jessica
  1186 | D:2      | Reached XP level 4. HP: 24/24 MP: 5/8
  1755 | D:2      | Noticed Sigmund
  1894 | D:2      | Reached XP level 5. HP: 28/28 MP: 5/9
  1982 | D:2      | Found a faded altar of an unknown god.
  2188 | D:3      | Learned a level 1 spell: Magic Dart
  2202 | D:3      | Reached skill level 5 in Earth Magic
  2662 | D:3      | Reached XP level 6. HP: 32/32 MP: 1/11
  3275 | D:3      | Learned a level 3 spell: Stone Arrow
  3280 | D:3      | Learned a level 4 spell: Brom's Barrelling Boulder
  3323 | D:2      | Killed Sigmund
  3324 | D:2      | Reached XP level 7. HP: 36/36 MP: 8/13
  3549 | D:4      | Identified the +5 falchion of Breathing Evisceration
                  | {speed, rPois rF+ Dex+3 Stlth-}
  4138 | D:4      | Reached skill level 5 in Conjurations
  4374 | D:5      | Entered Level 5 of the Dungeon
  4460 | D:5      | Found Jueceagu's Magic Scroll Emporium.
  4468 | D:5      | Bought a scroll of fear for 40 gold pieces
  4468 | D:5      | Bought a scroll of noise for 10 gold pieces
  4468 | D:5      | Bought a scroll of amnesia for 40 gold pieces
  4468 | D:5      | Bought a scroll of revelation for 75 gold pieces
  4468 | D:5      | Bought a scroll of teleportation for 30 gold pieces
  4988 | D:5      | Found a shimmering blue altar of Sif Muna.
  5518 | D:6      | Reached skill level 5 in Spellcasting
  5579 | D:6      | Reached XP level 8. HP: 39/41 MP: 8/15
  5875 | D:6      | Found the +11 Singing Sword {sonic wave}
  5963 | D:6      | Noticed Duvessa
  5966 | D:6      | Noticed Dowan
  5977 | D:6      | Killed Duvessa
  5979 | D:6      | Killed Dowan
  6137 | D:6      | Noticed a troll
  6143 | D:6      | Killed a troll
  6429 | D:6      | Reached XP level 9. HP: 45/45 MP: 14/18
  6480 | D:6      | Found Archuutoh's Distillery.
  6492 | D:6      | Bought a potion of degeneration for 10 gold pieces
  6492 | D:6      | Bought a potion of lignification for 30 gold pieces
  6492 | D:6      | Bought a potion of curing for 30 gold pieces
  6492 | D:6      | Bought a potion of mutation for 80 gold pieces
  6809 | D:7      | Noticed Pikel
  7406 | D:7      | Killed Pikel
  7490 | D:7      | Identified the +11 falchion "Newt's Bane" {venom, rPois
                  | Stlth+}
  7672 | D:7      | Found a staircase to the Ecumenical Temple.
  7697 | Temple   | Entered the Ecumenical Temple
  7706 | Temple   | Became a worshipper of Hepliaklqana the Forgotten
  7873 | D:7      | Found a blossoming altar of Fedhas.
  7873 | D:7      | Found a glowing golden altar of the Shining One.
  8339 | D:8      | Reached XP level 10. HP: 50/50 MP: 16/21
  8344 | D:8      | Reached skill level 5 in Stealth
  8344 | D:8      | Reached skill level 10 in Earth Magic
  9041 | D:9      | Reached * piety under Hepliaklqana
  9264 | D:9      | Reached skill level 1 in Invocations
  9269 | D:9      | Reached skill level 1 in Evocations
  9383 | D:9      | Noticed Erolcha
  9477 | D:9      | Learned a level 4 spell: Petrify
  9481 | D:9      | Learned a level 3 spell: Swiftness
  9500 | D:9      | Found a white marble altar of Elyvilon.
  9501 | D:9      | Found an opulent altar of Gozag.
  9501 | D:9      | Found a bloodstained altar of Trog.
  9501 | D:9      | Found a basalt altar of Yredelemnul.
  9503 | D:9      | Found a shadowy altar of Dithmenos.
  9504 | D:9      | Found a stormy altar of Qazlal.
 10030 | D:9      | Found a radiant altar of Vehumet.
 10201 | D:9      | Reached skill level 1 in Air Magic
 10217 | D:9      | Noticed a cyan ugly thing
 10225 | D:9      | Killed a cyan ugly thing
 10375 | D:9      | Killed Erolcha
 10376 | D:9      | Reached XP level 11. HP: 48/48 MP: 13/23
 10569 | D:9      | Identified the +0 leather armour "Runit" {^Drain Dex+3
                  | Slay+6 SInv}
 10737 | D:9      | Noticed a catoblepas
 10740 | D:9      | Noticed a sun demon
 10744 | D:9      | Noticed a two-headed ogre
 10873 | D:9      | Killed a two-headed ogre
 11034 | D:9      | Learned a level 4 spell: Fulminant Prism
 11035 | D:9      | Noticed a centaur warrior
 11041 | D:9      | Killed a centaur warrior
 11042 | D:9      | Reached skill level 10 in Conjurations
 11409 | D:9      | Slain by a catoblepas

Illustrated notes

Levels and vault maps discovered:
D:1:      tekkud_arrival_beachfront_property, layout_basic,
          amcnicky_mini_pool_small
D:2:      layout_basic, hellmonk_ecumenical_altar_inner_sanctum, basic_altar,
          serial_forest, infiniplex_forest_split, infiniplex_forest_clump_small,
          infiniplex_forest_lined_room_2, infiniplex_forest_clump_double,
          infiniplex_forest_lined_2, infiniplex_forest_zigzag_2, uniq_jessica,
          uniq_sigmund
D:3:      layout_rooms
D:4:      layout_basic
D:5:      layout_cave_pods, nicolae_sif_muna_little_library, serial_shops, shop
D:6:      old_forge, layout_basic, serial_shops, nicolae_shop_industrial_runoff,
          uniq_duvessa
D:7:      layout_basic, nicolae_overflow_two_pavilions,
          minmay_temple_entry_slanted, kennysheep_generic_room_9, uniq_pikel
D:8:      layout_rooms
D:9:      layout_roguey, grunt_temple_overflow_open,
          mainiacjoe_overflow_concentric_impassable, minmay_pinched_square,
          uniq_erolcha
Temple:   hc_temple_tempest_star

Skill      XL: |  1  2  3  4  5  6  7  8  9 10 11 |
---------------+----------------------------------+-----
Earth Magic    | 4 5 6 7 8 9 10 | 10.0
Conjurations   | 2 3 4 5 7 8 9 10 | 10.1
Spellcasting   | 3 4 5 6 7 8 |  8.8
Stealth        | 4 6 |  6.0
Invocations    | 3 4 |  4.5
Evocations     | 3 |  3.7
Air Magic      | 2 |  2.8
Dodging        | |  1.5

Action                     |  1- 3 |  4- 6 |  7- 9 | 10-12 || total
---------------------------+-------+-------+-------+-------++-------
  Melee: Unarmed           |     2 |       |       |       ||     2
         Short sword       |     2 |     1 |     4 |       ||     7
         Whip              |       |       |       |     1 ||     1
   Cast: Sandblast         |    30 |    56 |   204 |    64 ||   354
         Magic Dart        |       |    58 |    11 |    35 ||   104
         Stone Arrow       |       |       |    17 |    54 ||    71
 Invoke: Recall Ancestor   |       |       |       |     1 ||     1
  Evoke: Wand              |       |       |       |     2 ||     2
    Use: Scroll            |       |       |     1 |     9 ||    10
 Armour: Robe              |     8 |    21 |   120 |    80 ||   229
  Dodge: Dodged            |     6 |    19 |    81 |    54 ||   160

Table legend: (Time is in decaauts)
 A = Elapsed time spent in this place.
 B = Non-inter-level travel time spent in this place.
 C = Inter-level travel time spent in this place.
 D = Time resting spent in this place.
 E = Time spent auto-exploring this place.
 F = Levels seen in this place.
 G = Mean time per level.
                   A        B        C        D        E       F      G
               +--------+--------+--------+--------+--------+-----+--------+
         Total |  11591 |  11189 |    402 |   2604 |   6797 |  10 | 1159.1 |
       Dungeon |  11572 |  11178 |    394 |   2604 |   6797 |   9 | 1285.8 |
        Temple |     18 |     10 |      8 |      0 |      0 |   1 |   18.0 |
               +--------+--------+--------+--------+--------+-----+--------+

Top non-repeatable levels by time:
     D:9: 2195 daAuts
     D:6: 1410 daAuts
     D:2: 1330 daAuts
     D:7: 1327 daAuts
     D:3: 1135 daAuts
     D:5: 1091 daAuts
     D:4: 1063 daAuts
     D:8: 1043 daAuts
     D:1: 976 daAuts
  Temple: 18 daAuts
